 Dungeon Crawl Stone Soup version 0.21.1-1-g345015fe64 (webtiles) character file.

35506 Gargoyl the Agent of Entropy (level 13, -7/107 HPs)
             Began as a Centaur Abyssal Knight on May 25, 2018.
             Was a Priest of Lugonu.
             Mangled by a manticore (8 damage)
             ... summoned by Kirke
             ... on level 6 of the Lair of Beasts.
             The game lasted 00:26:29 (17908 turns).

Gargoyl the Agent of Entropy (CeAK)                Turns: 17908, Time: 00:26:29

Health: -7/107     AC:  0    Str: 19    XL:     13   Next: 48%
Magic:  19/19      EV: 15    Int:  9    God:    Lugonu [***...]
Gold:   912        SH:  0    Dex: 12    Spells: 12/12 levels left

rFire    . . .     SeeInvis +   (weapon currently unavailable)
rCold    . . .     Gourm    .   (shield currently unavailable)
rNeg     . . .     Faith    .   (armour currently unavailable)
rPois    .         Spirit   .   (helmet currently unavailable)
rElec    .         Reflect  .   (cloak currently unavailable)
rCorr    .         Harm     .   (gloves currently unavailable)
MR       .....                  (no barding)
Stlth    +.........             (no amulet)
HPRegen  0.27/turn              (ring currently unavailable)
MPRegen  0.16/turn              (ring currently unavailable)

@: pig-form, very quick
A: small, see invisible, dopey 1, low mp 1, strong 1
a: Depart the Abyss, Bend Space, Banish, Renounce Religion


You were on level 6 of the Lair of Beasts.
You worshipped Lugonu.
Lugonu was most pleased with you.
You were hungry.
You were a filthy swine.
You visited 2 branches of the dungeon, and saw 14 of its levels.
You visited the Abyss 1 time.

You collected 912 gold pieces.

Inventory:

Hand Weapons
 a - a +4 hand axe
 z - a +7 hand axe of freezing (melded)
Missiles
 e - 2 tomahawks (quivered)
 H - 2 tomahawks of returning
Armour
 f - a +3 centaur barding (melded)
 p - a +0 helmet (melded)
 u - a +2 pair of gloves of strength (melded)
 I - a +2 large shield (melded)
 S - a +3 chain mail (melded)
Jewellery
 d - an uncursed ring of protection from fire
 w - the ring "Ylinistre" (melded) {rPois rF+ Dex+4}
   (You found it on level 5 of the Dungeon)

   [ring of protection from fire]

   It affects your dexterity (+4).
   It protects you from fire.
   It protects you from poison.
 y - a ring of poison resistance (melded)
 E - an uncursed ring of resist corrosion
Wands
 k - a wand of paralysis (4)
 o - a wand of polymorph (14)
 C - a wand of iceblast (22)
 F - a wand of acid (10)
 J - a wand of enslavement (43)
 K - a wand of digging (7)
Scrolls
 i - 9 scrolls of remove curse
 A - 4 scrolls of amnesia
 G - a scroll of magic mapping
 L - 4 scrolls of identify
 M - 2 scrolls of blinking
 O - 2 scrolls of teleportation
 Q - a scroll of brand weapon {unknown}
Potions
 b - 2 potions of might {unknown}
 j - a potion of resistance {unknown}
 l - 4 potions of curing
 n - a potion of lignification {unknown}
 s - 2 potions of haste
 t - 2 potions of degeneration
 v - a potion of flight {unknown}
 x - a potion of brilliance
 D - a potion of berserk rage
 N - 2 potions of invisibility {unknown}
 P - 2 potions of magic {unknown}
Books
 g - a book of Necromancy

   Spells                             Type                      Level
   a - Pain                           Necromancy                   1
   b - Animate Skeleton               Necromancy                   1
   c - Vampiric Draining              Necromancy                   3
   d - Regeneration                   Charms/Necromancy            3
   e - Animate Dead                   Necromancy                   4
   f - Borgnjor's Vile Clutch         Necromancy/Earth             5
 m - a book of Debilitation

   Spells                             Type                      Level
   a - Corona                         Hexes                        1
   b - Slow                           Hexes                        2
   c - Inner Flame                    Hexes/Fire                   3
   d - Portal Projectile              Hexes/Translocation          3
   e - Cause Fear                     Hexes                        4
   f - Leda's Liquefaction            Hexes/Earth                  4
 q - a book of Cantrips

   Spells                             Type                      Level
   a - Confusing Touch                Hexes                        1
   b - Animate Skeleton               Necromancy                   1
   c - Summon Small Mammal            Summoning                    1
   d - Apportation                    Translocation                1
 B - a book of Minor Magic

   Spells                             Type                      Level
   a - Magic Dart                     Conjuration                  1
   b - Blink                          Translocation                2
   c - Call Imp                       Summoning                    2
   d - Slow                           Hexes                        2
   e - Conjure Flame                  Conjuration/Fire             3
   f - Mephitic Cloud                 Conjuration/Poison/Air       3
Comestibles
 c - 13 rations


   Skills:
 + Level 8.2 Fighting
 + Level 11.3 Axes
 + Level 1.5 Throwing
 * Level 9.8 Armour
 + Level 3.4 Dodging
 + Level 5.1 Shields
 * Level 11.9 Invocations
 + Level 1.8 Evocations


You had 12 spell levels left.
You didn't know any spells.

Dungeon Overview and Level Annotations

Branches:
Dungeon (8/15)             Temple (0/1) D:4            Lair (6/6) D:8
  Swamp (0/4) Lair:4       Spider (0/4) Lair:3
  Slime: Lair:5-6

Altars:
Ashenzari
Elyvilon
Fedhas
Gozag
Hepliaklqana
Kikubaaqudgha
Xom
Yredelemnul

Annotations:
Lair:6 Kirke


Innate Abilities, Weirdness & Mutations

((You have hooves in place of feet.))
((Armour fits poorly on your strangely shaped body.))
((You cover ground very quickly.))
((You have extremely tough skin. (AC +3)))
((You are partially covered in large bone plates. (SH +4)))
((You are partially covered in yellow scales. (AC +2)))
You have supernaturally acute eyesight. (SInv)
You are dopey. (Int -2)
Your magical capacity is low. (-10% MP)
Your muscles are strong. (Str +2)


Message History

* * * LOW HITPOINT WARNING * * *
The manticore claws you.
* * * LOW HITPOINT WARNING * * *
You feel much better. The harpy completely misses you. The harpy claws you!
The harpy completely misses you. The harpy claws you!
* * * LOW HITPOINT WARNING * * *
Kirke hits you.
* * * LOW HITPOINT WARNING * * *
The manticore misses you. The manticore barely misses you.
The manticore claws you!
* * * LOW HITPOINT WARNING * * *
You feel much better. The harpy closely misses you.
The harpy completely misses you. The harpy misses you. The harpy claws you.
* * * LOW HITPOINT WARNING * * *
Kirke closely misses you. The manticore bites you!
* * * LOW HITPOINT WARNING * * *
The manticore claws you!
* * * LOW HITPOINT WARNING * * *
The manticore claws you!
You die...

P. ##.P.#..P...###
.#.#
#.##....##...#..#.
...#..P...........†...
....#.................
...#...............P.
#...$.......##PP###..
##.#.........#...# ##.
###...P........#####
#.. #P....@h......#.#
#.. ......HHH......##
#P.. .#..............#
##.. ..........P....##
# #[.P.##...P..P..#
#.##. #..P###...# # #
....PP #....#
.....P.###.#.#
........ ..##


You could see Kirke, a manticore and 2 harpies.

Vanquished Creatures
  A catoblepas (Lair:4)
  A two-headed ogre (D:8)
  10 death yaks
  A deep elf mage (D:8)
  A manticore (Lair:5)
  9 elephants
  4 black mambas
  6 rime drakes
  13 spiny frogs
  3 komodo dragons
  An ice devil (Lair:3)
  A polar bear (Lair:4)
  12 hippogriffs
  4 blink frogs
  6 dream sheep
  Sigmund (D:6)
  2 redbacks (Lair:3)
  7 yaks
  5 wyverns
  5 basilisks
  4 hogs
  A steam dragon (Lair:2)
  Menkaure (D:7)
  7 water moccasins
  6 porcupines
  An orc warrior (D:8)
  A black bear (Lair:4)
  A sky beast (D:6)
  A phantom (D:5)
  An ice beast (D:3)
  3 ogres
  10 wolves
  5 centaurs
  10 crocodiles
  The ghost of raetorn the Slasher, an amateur VSFi (D:3)
  8 bullfrogs
  A gnoll sergeant (D:5)
  2 scorpions
  3 killer bees (D:6)
  9 wights
  4 howler monkeys
  2 electric eels
  A crimson imp (D:5)
  A centaur zombie (D:8)
  3 centaur skeletons
  2 orc priests (D:6)
  A hound (D:6)
  9 orc wizards
  A gnoll shaman (D:8)
  2 bullfrog skeletons
  An iguana (D:7)
  4 worker ants
  3 hound skeletons
  9 gnolls
  A howler monkey skeleton (D:4)
  10 adders
  3 shadow imps
  An adder zombie (D:6)
  A worm (D:2)
  2 dart slugs (D:1)
  9 leopard geckos
  27 orcs
  5 giant cockroaches
  10 goblins
  7 hobgoblins
  16 jackals
  4 quokkas
  8 bats
  10 frilled lizards
  2 kobolds
  A leopard gecko skeleton (D:7)
  A leopard gecko zombie (D:5)
  A quokka skeleton (D:8)
  7 rats
  A fungus (Lair:6)
339 creatures vanquished.

Vanquished Creatures (others)
  The ghost of Alipheese the Unseen, a journeyman SpAs of Dithmenos (Lair:5)
  A hydra (Lair:6)
  A death yak (Lair:2)
  An ice devil (Lair:3)
  An orc warrior (D:7)
  11 fungi
  5 plants
21 creatures vanquished.

Grand Total: 360 creatures vanquished

Notes
Turn   | Place    | Note
-------+----------+-------------------------------------------
     0 | Abyss:1  | Gargoyl the Centaur Abyssal Knight began the quest for the Orb.
     0 | Abyss:1  | Reached XP level 1. HP: 19/19 MP: 2/2
   103 | Abyss:1  | Found a corrupted altar of Lugonu.
   187 | Abyss:1  | Noticed a small abomination
   187 | Abyss:1  | Gained mutation: Your mind is acute. (Int +2) [potion of mutation]
   187 | Abyss:1  | Gained mutation: You tend to lose your temper in combat. [potion of mutation]
   187 | Abyss:1  | Gained mutation: You have supernaturally acute eyesight. (SInv) [potion of mutation]
   187 | Abyss:1  | Gained mutation: You are partially covered in yellow scales. (AC +2) [potion of mutation]
   188 | D:1      | Escaped the Abyss
   347 | D:1      | Reached XP level 2. HP: 26/26 MP: 3/3
   514 | D:1      | Reached * piety under Lugonu
   943 | D:1      | Found a white marble altar of Elyvilon.
  1090 | D:2      | Reached XP level 3. HP: 31/31 MP: 4/4
  1249 | D:2      | Reached ** piety under Lugonu
  1249 | D:2      | Reached skill level 1 in Dodging
  1580 | D:2      | Found an opulent altar of Gozag.
  1640 | D:3      | Reached XP level 4. HP: 39/40 MP: 5/5
  1942 | D:3      | Noticed raetorn's ghost (amateur VSFi)
  1950 | D:3      | Killed raetorn's ghost
  1950 | D:3      | Reached XP level 5. HP: 46/46 MP: 5/7
  2096 | D:3      | Found a faded altar of an unknown god.
  2096 | D:3      | Noticed an ice beast
  2109 | D:3      | Killed an ice beast
  2500 | D:4      | Found a staircase to the Ecumenical Temple.
  2512 | D:4      | Reached XP level 6. HP: 52/52 MP: 8/8
  2843 | D:4      | Reached *** piety under Lugonu
  2928 | D:4      | Found a hazy altar of Hepliaklqana.
  2984 | D:4      | Found a blossoming altar of Fedhas.
  3170 | D:5      | Entered Level 5 of the Dungeon
  3404 | D:5      | Reached XP level 7. HP: 52/59 MP: 9/9
  3495 | D:5      | You fall through a shaft for 2 floors!
  4257 | D:6      | Reached skill level 5 in Axes
  4294 | D:6      | Reached XP level 8. HP: 36/67 MP: 10/10
  4737 | D:5      | Got a slimy tin ring
  4790 | D:5      | Found a shimmering altar of Xom.
  5928 | D:6      | Reached **** piety under Lugonu
  5928 | D:6      | Reached skill level 5 in Armour
  5933 | D:6      | Reached skill level 5 in Fighting
  6151 | D:6      | Reached skill level 5 in Invocations
  6259 | D:6      | Reached XP level 9. HP: 74/74 MP: 12/12
  6286 | D:6      | Noticed Sigmund
  6292 | D:6      | Killed Sigmund
  6384 | D:6      | Found a basalt altar of Yredelemnul.
  6673 | D:6      | Identified the ring "Ylinistre" {rPois rF+ Dex+4} (You found it on level 5 of the Dungeon)
  6722 | D:6      | Found an ancient bone altar of Kikubaaqudgha.
  6926 | D:7      | Noticed Menkaure
  6932 | D:7      | Killed Menkaure
  7136 | D:7      | Found a shattered altar of Ashenzari.
  7488 | D:8      | Noticed a komodo dragon
  7501 | D:8      | Killed a komodo dragon
  7502 | D:8      | Found a staircase to the Lair.
  7795 | D:8      | Noticed a two-headed ogre
  7806 | D:8      | Killed a two-headed ogre
  7806 | D:8      | Reached XP level 10. HP: 78/83 MP: 14/14
  7858 | D:8      | Found a basalt altar of Yredelemnul.
  8003 | D:8      | Reached ***** piety under Lugonu
  8151 | D:8      | Noticed a deep elf mage
  8158 | D:8      | Killed a deep elf mage
  8158 | D:8      | Reached skill level 1 in Throwing
  8158 | D:8      | Reached skill level 1 in Evocations
  8570 | Lair:1   | Entered Level 1 of the Lair of Beasts
  8884 | Lair:1   | Noticed a black mamba
  8894 | Lair:1   | Killed a black mamba
  8919 | Lair:1   | Noticed a spiny frog
  8924 | Lair:1   | Killed a spiny frog
  9098 | Lair:1   | HP: 3/83 [yak (12)]
 10047 | Lair:2   | Noticed a spiny frog
 10053 | Lair:2   | Reached XP level 11. HP: 86/91 MP: 17/17
 10480 | Lair:2   | Reached skill level 1 in Shields
 10859 | Lair:2   | Reached skill level 10 in Axes
 11251 | Lair:3   | Noticed a death yak
 11268 | Lair:3   | Noticed a death yak
 11270 | Lair:3   | Noticed a death yak
 11273 | Lair:3   | Killed a death yak
 11274 | Lair:3   | Noticed a death yak
 11274 | Lair:3   | Noticed a death yak
 11277 | Lair:3   | Noticed a death yak
 11303 | Lair:2   | Banished a death yak
 11602 | Lair:2   | Killed a death yak
 11948 | Lair:3   | Killed a death yak
 11962 | Lair:3   | Killed a death yak
 12214 | Lair:3   | Found a hole to the Spider Nest.
 12271 | Lair:3   | Reached XP level 12. HP: 63/100 MP: 19/19
 12585 | Lair:3   | Killed a death yak
 12585 | Lair:3   | Reached skill level 10 in Invocations
 13667 | Lair:4   | Found a staircase to the Swamp.
 13904 | Lair:4   | Noticed a catoblepas
 13920 | Lair:4   | Killed a catoblepas
 14407 | Lair:5   | Noticed an eight-headed hydra
 14882 | Lair:5   | Banished an eight-headed hydra
 14985 | Lair:5   | Noticed Alipheese's ghost (journeyman SpAs)
 14991 | Lair:5   | Banished Alipheese's ghost
 15633 | Lair:5   | Noticed a seven-headed hydra
 16002 | Lair:5   | Banished a seven-headed hydra
 16010 | Lair:5   | Reached XP level 13. HP: 74/107 MP: 9/21
 17016 | Lair:5   | Lost mutation: You tend to lose your temper in combat. [potion of mutation]
 17016 | Lair:5   | Lost mutation: Your mind is acute. (Int +2) [potion of mutation]
 17016 | Lair:5   | Gained mutation: You are dopey. (Int -2) [potion of mutation]
 17016 | Lair:5   | Gained mutation: Your magical capacity is low. (-10% MP) [potion of mutation]
 17016 | Lair:5   | Gained mutation: Your muscles are strong. (Str +2) [potion of mutation]
 17016 | Lair:5   | Gained mutation: You are partially covered in large bone plates. (SH +4) [potion of mutation]
 17104 | Lair:6   | Entered Level 6 of the Lair of Beasts
 17383 | Lair:6   | Reached skill level 5 in Shields
 17423 | Lair:6   | Noticed Kirke
 17907 | Lair:6   | HP: 5/107 [manticore[Kirke] (11)]
 17908 | Lair:6   | HP: 1/107 [manticore[Kirke] (13)]
 17908 | Lair:6   | Mangled by a manticore

Skill      XL: |  1  2  3  4  5  6  7  8  9 10 11 12 13 |
---------------+----------------------------------------+-----
Axes           | 2 3 4 5 6 8 9 10 11 | 11.3
Dodging        | 1 2 3 |  3.4
Armour         | 2 3 4 5 6 8 9 |  9.8
Invocations    | 3 5 6 8 9 11 | 11.9
Fighting       | 4 5 6 7 8 |  8.2
Throwing       | 1 |  1.5
Evocations     | 1 |  1.8
Shields        | 2 4 5 |  5.1

Action                   |  1- 3 |  4- 6 |  7- 9 | 10-12 | 13-15 || total
-------------------------+-------+-------+-------+-------+-------++-------
Melee: Hand axe          |   119 |   147 |   308 |   526 |   143 ||  1243
       Kick              |    18 |    26 |    85 |   223 |    57 ||   409
       Unarmed           |       |       |       |       |     2 ||     2
Throw: Tomahawk          |       |     4 |     3 |     7 |       ||    14
Invok: Depart the Abyss  |     1 |       |       |       |       ||     1
       Banish            |       |       |     1 |    15 |     2 ||    18
       Bend Space        |       |       |     1 |       |       ||     1
Evoke: Wand              |       |     4 |     6 |     2 |       ||    12
  Use: Scroll            |     5 |     1 |     8 |     9 |       ||    23
       Potion            |     1 |       |     1 |     1 |     8 ||    11
 Stab: Paralysed         |       |     5 |       |       |       ||     5
  Eat: Ration            |     1 |     1 |     2 |     6 |     1 ||    11
       Chunk             |       |       |     5 |     9 |       ||    14
Armor: Leather armour    |     7 |       |       |       |       ||     7
       Ring mail         |   117 |    77 |       |       |       ||   194
       Chain mail        |       |    24 |   289 |   339 |   105 ||   757
Dodge: Dodged            |    65 |    34 |    61 |    39 |    31 ||   230
Block: Large shield      |       |       |       |   368 |   182 ||   550
